 Dungeon Crawl Stone Soup version 0.21.2 (webtiles) character file.

7 Amnesiac the Grave Robber (level 1, 13/13 HPs)
             Began as a Mummy Necromancer on Oct 4, 2018.
             Safely got out of the dungeon.
             The game lasted 00:00:43 (143 turns).

Amnesiac the Grave Robber (Mummy Necromancer)        Turns: 143, Time: 00:00:43

Health: 13/13      AC:  2    Str: 11    XL:     1   Next: 91%
Magic:  3/4        EV: 12    Int: 14    God:
Gold:   5          SH:  0    Dex: 12    Spells: 5/6 levels left

rFire    x . .     SeeInvis .   (no weapon)
rCold    + . .     Gourm    .   (no shield)
rNeg     + + +     Faith    .   a - +0 robe
rPois    ∞         Spirit   .   (no helmet)
rElec    .         Reflect  .   (no cloak)
rCorr    .         Harm     .   (no gloves)
MR       .....                  (no boots)
Stlth    ++........             (no amulet)
HPRegen  0.04/turn              (no ring)
MPRegen  0.09/turn              (no ring)

@: no status effects
A: no food or potions, fire vulnerability, cold resistance 1, negative energy
resistance 3, torment resistance, unbreathing
a: no special abilities


You escaped.
You were not hungry.

You visited 1 branch of the dungeon, and saw 1 of its levels.

You collected 5 gold pieces.

Inventory:

Armour
 a - a +0 robe (worn)
Scrolls
 d - a scroll of immolation {!r}
Books
 b - a book of Necromancy

   Spells                             Type                      Level
   a - Pain                           Necromancy                   1
   b - Animate Skeleton               Necromancy                   1
   c - Vampiric Draining              Necromancy                   3
   d - Regeneration                   Charms/Necromancy            3
   e - Animate Dead                   Necromancy                   4
   f - Borgnjor's Vile Clutch         Necromancy/Earth             5


   Skills:
 - Level 1.5 Dodging
 - Level 1.5 Stealth
 + Level 3.2 Spellcasting
 * Level 4.1 Necromancy


You had 5 spell levels left.
You knew the following spells:

 Your Spells              Type           Power        Failure   Level  Hunger
a - Pain                  Necr           ##..         3%          1    N/A

Dungeon Overview and Level Annotations

Branches:
Dungeon (1/15)

Altars:


Innate Abilities, Weirdness & Mutations

You do not eat or drink.
Your flesh is vulnerable to fire.
You are immune to poison.
Your flesh is cold resistant. (rC+)
You are immune to negative energy. (rN+++)
You are immune to unholy pain and torment.
You can survive without breathing.


Message History

Casting: Pain
Confirm with . or Enter, or press ? or * to list all spells.
You don't have enough magic to cast that spell.
You hit the hobgoblin.
You kill the hobgoblin!
You start resting.
Magic restored.
You start resting.
Magic restored.
A leopard gecko comes into view.
A leopard gecko is nearby!
A leopard gecko is nearby!
A leopard gecko is nearby!
Casting: Pain
Confirm with . or Enter, or press ? or * to list all spells.
Aiming: Pain
Press: ? - help, Shift-Dir - straight line, f - leopard gecko
Aim: a leopard gecko (clinging, resting, chance to defeat MR: 83%)
The leopard gecko hisses angrily.
The leopard gecko writhes in agony!
Casting: Pain
Confirm with . or Enter, or press ? or * to list all spells.
Aiming: Pain
Press: ? - help, Shift-Dir - straight line, f/p - leopard gecko
Aim: a leopard gecko (moderately wounded, clinging, chance to defeat MR: 83%)
The leopard gecko writhes in agony!
Casting: Pain
Confirm with . or Enter, or press ? or * to list all spells.
Aiming: Pain
Press: ? - help, Shift-Dir - straight line, f/p - leopard gecko
Aim: a leopard gecko (severely wounded, clinging, chance to defeat MR: 83%)
The leopard gecko writhes in agony!
You kill the leopard gecko!
A rat comes into view.
Found a lumpy silvery potion.
Casting: Pain
Confirm with . or Enter, or press ? or * to list all spells.
You can't see any susceptible monsters within range! (Use Z to cast anyway.)
A rat is nearby!
A rat is nearby!
Casting: Pain
Confirm with . or Enter, or press ? or * to list all spells.
Aiming: Pain
Press: ? - help, Shift-Dir - straight line, f - rat
Aim: a rat (chance to defeat MR: 83%)
The rat writhes in agony!
You kill the rat!
Casting: Pain
Confirm with . or Enter, or press ? or * to list all spells.
You can't see any susceptible monsters within range! (Use Z to cast anyway.)
d - a scroll labeled OMUOSO QYFESH {!r} Unknown command.
Really read
c - a scroll labeled DEMAM LOAFF {!r}? [Y]es or [N]o only, please.
Really read
c - a scroll labeled DEMAM LOAFF {!r}?
As you read the scroll labeled DEMAM LOAFF {!r}, it crumbles to dust.
It is a scroll of identify.
d - a scroll of immolation {!r} You can't drink.
Unknown command.
Found a pink potion.
There is a staircase leading out of the dungeon here.
Are you sure you want to leave the Dungeon?
This will make you lose the game!
You have escaped!

#...#.#.#.#.#.#.#.#.........
#...##.†..†..........##.......
.....
#..........#......#####...
.... ##.......#.......## #...
#.. #....[.#....#.%...#.......
#. ##...#...........##.#.....
# #..#...#.#.#.#....# #....†
##...............## #.....
#...#..#.@.#..#...# #.....
##...............## #.....
#....#.#.#.#...#..# #.....
##...........#...##
#.....#....#......
##.......#.......#
......#.......!.
##..............


There were no monsters in sight!

Vanquished Creatures
  A leopard gecko (D:1)
  A hobgoblin (D:1)
  2 jackals (D:1)
  2 rats (D:1)
6 creatures vanquished.

Notes
Turn   | Place    | Note
-------+----------+-------------------------------------------
     0 | D:1      | Amnesiac the Mummy Necromancer began the quest for the Orb.
     0 | D:1      | Reached XP level 1. HP: 13/13 MP: 4/4
   143 | D:$      | Safely got out of the dungeon.

Skill      XL: |  1 |
---------------+----+-----
Spellcasting   | 3 |  3.2
Dodging        | |  1.5
Stealth        | |  1.5
Necromancy     | |  4.1

Action                   || total
-------------------------++-------
Melee: Unarmed           ||     1
 Cast: Pain              ||    12
  Use: Scroll            ||     1
Dodge: Dodged            ||     2
